 Dungeon Crawl Stone Soup version 0.28-a0-312-gbced6e68ee (webtiles) character file.

Game seed: 10907736069156933021

501 Smaepdii the Gusty (level 7, 0/51 HPs)
             Began as a Gnoll Wanderer on Aug 31, 2021.
             Was a Believer of Sif Muna.
             Slain by Dowan (4 damage)
             ... on level 4 of the Dungeon.
             The game lasted 00:22:59 (4755 turns).

Smaepdii the Gusty (Gnoll Wanderer)                 Turns: 4755, Time: 00:22:59

Health: 0/51       AC:  5    Str: 10    XL:     7   Next: 17%
Magic:  8/15       EV: 12    Int: 19    God:    Sif Muna [**....]
Gold:   125        SH:  0    Dex: 13    Spells: 7/17 levels left

rFire   + . .      SeeInvis .   b - staff of earth
rCold   . . .      Faith    .   (no shield)
rNeg    . . .      Spirit   .   o - +2 robe "Diggi" {rF+}
rPois   .          Reflect  .   (no helmet)
rElec   .          Harm     .   (no cloak)
rCorr   .          Rampage  .   (no gloves)
Will    .....                   f - +0 pair of boots
Stlth   ++........              (no amulet)
HPRegen 0.17/turn               l - +6 ring of intelligence
MPRegen 0.14/turn               (no ring)

@: channelling
A: fangs 1, strong nose, distributed training
a: Renounce Religion, Channel Magic


You were on level 4 of the Dungeon.
You worshipped Sif Muna.
Sif Muna was pleased with you.
You visited 1 branch of the dungeon, and saw 4 of its levels.
You also visited: Sewer.

You collected 125 gold pieces.

Inventory:

Hand Weapons
 a - a +0 dagger
Missiles
 h - 8 boomerangs
 k - 17 poisoned darts
Armour
 f - a +0 pair of boots (worn)
 o - the +2 robe "Diggi" (worn) {rF+}
   (You found it in a sewer)

   rF:        It protects you from fire.
Magical Staves
 b - a staff of earth (weapon)
Jewellery
 l - a +6 ring of intelligence (left hand)
Scrolls
 d - 3 scrolls of vulnerability {unknown}
 g - a scroll of blinking {unknown}
 i - 2 scrolls of identify {unknown}
 j - a scroll of enchant weapon {unknown}
 p - a scroll of noise {unknown}
Potions
 e - a potion of lignification {unknown}
 m - 2 potions of haste {unknown}
 n - a potion of cancellation {unknown}
Miscellaneous
 c - a piece from Xom's chessboard (15/15)


   Skills:
 + Level 2.3 Fighting
 + Level 2.3 Short Blades
 + Level 2.3 Long Blades
 + Level 2.3 Axes
 + Level 2.3 Maces & Flails
 + Level 2.3 Polearms
 + Level 2.3 Staves
 + Level 2.3 Slings
 + Level 2.3 Bows
 + Level 2.3 Crossbows
 + Level 3.5 Throwing
 + Level 2.3 Armour
 + Level 2.3 Dodging
 + Level 2.3 Stealth
 + Level 2.3 Shields
 + Level 2.3 Unarmed Combat
 + Level 5.5 Spellcasting
 + Level 1.9 Conjurations
 + Level 1.9 Hexes
 + Level 4.2 Summonings
 + Level 1.9 Necromancy
 + Level 1.9 Translocations
 + Level 1.9 Transmutations
 + Level 1.9 Fire Magic
 + Level 1.9 Ice Magic
 + Level 5.8 Air Magic
 + Level 2.9 Earth Magic
 + Level 1.9 Poison Magic
 + Level 2.5 Invocations
 + Level 3.5 Evocations


You had 7 spell levels left.
You knew the following spells:

 Your Spells              Type           Power      Damage    Failure   Level
a - Foxfire               Conj/Fire      48%        2x1d6     5%          1
b - Sandblast             Erth           48%        2d12      3%          1
c - Passwall              Tmut/Erth      17%        N/A       7%          2
d - Stone Arrow           Conj/Erth      42%        3d9       13%         3
e - Conjure Flame         Conj/Fire      12%        6-21      16%         3

Your spell library contained the following spells:

 Spells                   Type           Power      Damage    Failure   Level
 Petrify                  Tmut/Erth      21%        N/A       41%         4


Dungeon Overview and Level Annotations

Branches:
Dungeon (4/15)             Temple (0/1) D:4           Sewer (visited)

Altars:
Nemelex Xobeh
Okawaru
Sif Muna

Annotations:
D:4 Dowan


Innate Abilities, Weirdness & Mutations

You have very sharp teeth.
Your uncanny sense of smell can sniff out nearby items.
Your experience applies equally to all skills.


Message History

Confirm with . or Enter, or press ? or * to list all spells.
Aiming: Passwall (safe; 7% risk of failure)
Press: ? - help, Dir - move target A rock wall.
You feel a surge of power! Dowan casts a spell at you.
The stone arrow hits you!
You begin to meditate on the wall.
You continue meditating on the rock. x2
Dowan misses you.
You finish merging with the rock.
Dowan gestures wildly while chanting.
Dowan blinks!
Dowan points at you and mumbles some strange words.
The stone arrow hits you!
* * * LOW HITPOINT WARNING * * *
You fail to use your ability.
You fail to use your ability.
Dowan hits you but does no damage. Dowan completely misses you.
You fail to use your ability.
Dowan hits you with a +0 dagger.
* * * LOW HITPOINT WARNING * * *
Dowan misses you. Dowan hits you with a +0 dagger.
* * * LOW HITPOINT WARNING * * *
Casting: Passwall (safe; 7% risk of failure)
Confirm with . or Enter, or press ? or * to list all spells.
Okay, then.
Aiming: Stone Arrow (dangerous; 13% risk of failure)
Press: ? - help, Q - select action, (/) - cycle Shift-Dir - straight line, f - Dowan
Aim: Dowan, wielding a +0 dagger and wearing a +0 robe (fast, 60% to hit)
You feel a surge of power!
The stone arrow misses Dowan.
Dowan hits you with a +0 dagger.
* * * LOW HITPOINT WARNING * * *
Aiming: Stone Arrow (dangerous; 13% risk of failure)
Press: ? - help, Q - select action, (/) - cycle Shift-Dir - straight line, f/p - Dowan
Aim: Dowan, wielding a +0 dagger and wearing a +0 robe (fast, 60% to hit)
You feel a surge of power!
The stone arrow hits Dowan!!
Dowan is severely wounded.
Dowan hits you but does no damage.
Dowan shakes with grief.
Dowan hits you with a +0 dagger.
You die...

.............#.###....
.#..........e)..!.....
..........####.###....
........#...#### #
...#..#.#.#.# ##
#..#.....####
#..#........#
##..........#
###...e@...#
#........# ###.######
#.# ##.########
#.........#
#.........#
#.........#
##'########


You could see Dowan (fast).

Vanquished Creatures
  A water moccasin (Sewer)
  Duvessa (D:4)
  A scorpion (D:4)
  A bullfrog skeleton (D:4)
  A hound (D:4)
  A centaur skeleton (D:4)
  An orc wizard (D:4)
  4 adders
  An ufetubus (D:4)
  4 dart slugs
  2 orcs (D:3)
  5 ball pythons
  6 endoplasms
  2 giant cockroaches
  3 goblins
  3 hobgoblins
  2 jackals (Sewer)
  10 kobolds
  3 quokkas
  10 bats
  4 frilled lizards
  6 rats
  A spectral kobold (D:1)
73 creatures vanquished.

Vanquished Creatures (others)
  118 foxfires
118 creatures vanquished.

Grand Total: 191 creatures vanquished

Notes
Turn   | Place    | Note
-------+----------+-------------------------------------------
     0 | D:1      | Smaepdii the Gnoll Wanderer began the quest for the Orb.
     0 | D:1      | Smaepdii set off with the following items: a +0 dagger, a
                  | +0 robe, a piece from Xom's chessboard (15/15); and the
                  | following spells available to memorise: Sandblast, Foxfire,
                  | Passwall, Stone Arrow, Conjure Flame, Petrify
     0 | D:1      | Reached XP level 1. HP: 13/13 MP: 6/6
     2 | D:1      | Learned a level 1 spell: Foxfire
     4 | D:1      | Learned a level 1 spell: Sandblast
   329 | D:1      | Reached XP level 2. HP: 19/19 MP: 1/7
   427 | D:1      | Found a faded altar of an unknown god.
   536 | D:1      | Became a worshipper of Sif Muna the Loreminder
   536 | D:1      | Reached * piety under Sif Muna
   805 | D:1      | Learned a level 2 spell: Passwall
  1123 | D:1      | Reached XP level 3. HP: 22/25 MP: 7/9
  1183 | D:1      | Reached skill level 5 in Spellcasting
  1699 | D:2      | Reached skill level 1 in Invocations
  1971 | D:2      | Reached ** piety under Sif Muna
  2065 | D:2      | Noticed a scorpion
  2461 | D:3      | Reached skill level 1 in Fighting
  2461 | D:3      | Reached skill level 1 in Short Blades
  2461 | D:3      | Reached skill level 1 in Long Blades
  2461 | D:3      | Reached skill level 1 in Axes
  2461 | D:3      | Reached skill level 1 in Maces & Flails
  2461 | D:3      | Reached skill level 1 in Polearms
  2461 | D:3      | Reached skill level 1 in Staves
  2461 | D:3      | Reached skill level 1 in Slings
  2461 | D:3      | Reached skill level 1 in Bows
  2461 | D:3      | Reached skill level 1 in Crossbows
  2461 | D:3      | Reached skill level 1 in Armour
  2461 | D:3      | Reached skill level 1 in Dodging
  2461 | D:3      | Reached skill level 1 in Stealth
  2461 | D:3      | Reached skill level 1 in Shields
  2461 | D:3      | Reached skill level 1 in Unarmed Combat
  2461 | D:3      | Reached XP level 4. HP: 32/32 MP: 7/11
  2669 | D:3      | Found an iron altar of Okawaru.
  2909 | D:3      | Found a glowing drain.
  2944 | Sewer    | Entered a sewer
  2966 | Sewer    | Reached skill level 1 in Conjurations
  2966 | Sewer    | Reached skill level 1 in Hexes
  2966 | Sewer    | Reached skill level 1 in Necromancy
  2966 | Sewer    | Reached skill level 1 in Translocations
  2966 | Sewer    | Reached skill level 1 in Transmutations
  2966 | Sewer    | Reached skill level 1 in Fire Magic
  2966 | Sewer    | Reached skill level 1 in Ice Magic
  2966 | Sewer    | Reached skill level 1 in Poison Magic
  3081 | Sewer    | Noticed a water moccasin
  3088 | Sewer    | Killed a water moccasin
  3089 | Sewer    | Reached XP level 5. HP: 21/37 MP: 5/12
  3226 | Sewer    | Identified the +2 robe "Diggi" {rF+}
  3904 | D:4      | Reached XP level 6. HP: 44/44 MP: 8/13
  3986 | D:4      | Found a sparkling altar of Nemelex Xobeh.
  4351 | D:4      | Found a staircase to the Ecumenical Temple.
  4558 | D:3      | Learned a level 3 spell: Stone Arrow
  4562 | D:3      | Learned a level 3 spell: Conjure Flame
  4733 | D:4      | Noticed Duvessa
  4734 | D:4      | Noticed Dowan
  4740 | D:4      | Killed Duvessa
  4741 | D:4      | Reached XP level 7. HP: 51/51 MP: 2/15
  4755 | D:4      | Slain by Dowan

Illustrated notes

Levels and vault maps discovered:
D:1:      ncdulo_smallfort, layout_basic,
          dreamdust_ecumenical_altar_drowned_temple
D:2:      layout_basic
D:3:      layout_basic, mainiacjoe_overflow_catwalk, portal_sewer_entry_d
D:4:      layout_basic, kennysheep_little_box,
          minmay_temple_entry_statues_pillars, kennysheep_generic_room_12,
          uniq_duvessa

Skill      XL: |  1  2  3  4  5  6 |
---------------+-------------------+-----
Earth Magic    | 2 |  2.9
Spellcasting   | 5 |  5.5
Invocations    | 1 2 |  2.5
Fighting       | 1 2 |  2.3
Short Blades   | 1 2 |  2.3
Long Blades    | 1 2 |  2.3
Axes           | 1 2 |  2.3
Maces & Flails | 1 2 |  2.3
Polearms       | 1 2 |  2.3
Staves         | 1 2 |  2.3
Slings         | 1 2 |  2.3
Bows           | 1 2 |  2.3
Crossbows      | 1 2 |  2.3
Armour         | 1 2 |  2.3
Dodging        | 1 2 |  2.3
Stealth        | 1 2 |  2.3
Shields        | 1 2 |  2.3
Unarmed Combat | 1 2 |  2.3
Conjurations   | 1 |  1.9
Hexes          | 1 |  1.9
Necromancy     | 1 |  1.9
Translocations | 1 |  1.9
Transmutations | 1 |  1.9
Fire Magic     | 1 |  1.9
Ice Magic      | 1 |  1.9
Poison Magic   | 1 |  1.9
Throwing       | 3 |  3.5
Summonings     | 4 |  4.2
Evocations     | 3 |  3.5
Air Magic      | |  5.8

Action                   |  1- 3 |  4- 6 |  7- 9 || total
-------------------------+-------+-------+-------++-------
Melee: Dagger            |    18 |     1 |       ||    19
       Bite              |     1 |     2 |       ||     3
       Staff             |       |    19 |       ||    19
 Cast: Foxfire           |    47 |    27 |       ||    74
       Sandblast         |    28 |    44 |       ||    72
       Stone Arrow       |       |     9 |     2 ||    11
       Passwall          |       |     3 |     1 ||     4
Invok: Channel Magic     |       |       |     1 ||     1
 Stab: Distracted        |     1 |       |       ||     1
Armor: Robe              |    15 |    21 |     2 ||    38
Dodge: Dodged            |    19 |    38 |     3 ||    60

Table legend: (Time is in decaauts)
 A = Elapsed time spent in this place.
 B = Non-inter-level travel time spent in this place.
 C = Inter-level travel time spent in this place.
 D = Time resting spent in this place.
 E = Time spent auto-exploring this place.
 F = Levels seen in this place.
 G = Mean time per level.
                   A        B        C        D        E       F      G
               +--------+--------+--------+--------+--------+-----+--------+
         Total |   4782 |   4631 |    151 |   1673 |   1460 |   5 |  956.4 |
       Dungeon |   4431 |   4280 |    151 |   1482 |   1404 |   4 | 1107.8 |
         Sewer |    350 |    350 |      0 |    191 |     56 |   1 |  350.0 |
               +--------+--------+--------+--------+--------+-----+--------+

Top non-repeatable levels by time:
     D:3: 1558 daAuts
     D:1: 1525 daAuts
     D:2: 934 daAuts
     D:4: 414 daAuts
   Sewer: 350 daAuts
